EVO
OHIO STATE UNIVERSITY BUCKEYES @ UNIVERSITY OF CALIFORNIA GOLDEN BEARS
07/18/2047
 
TOP OF THE 1ST
Ohio State University Buckeyes batting - Pitching for University of California Golden Bears : RHP Karl-Anthony Aure
Pitching: RHP Karl-Anthony Aure
Batting: LHB Anthony Ross 0-0: Ball
1-0: DOUBLE (Flyball, 8RXD, EV 101.2 MPH)
Batting: RHB Jacob Carrano 0-0: Called Strike
0-1: Swinging Strike
0-2: Foul Ball, location: 2F
0-2: Strikes out swinging
Batting: LHB Tony Abascal 0-0: Ground out U3 (Groundball, 34S, EV 82.5 MPH)
Anthony Ross to third
Batting: RHB Tristan Gimple 0-0: Called Strike
0-1: Reached on error, E6 (Groundball, 6, EV 105.0 MPH)
Anthony Ross scores
Batting: LHB Zach Brandt 0-0: SINGLE (Line Drive, 34D, EV 98.1 MPH)
Tristan Gimple to second
Batting: RHB Masatoshi Mori 0-0: Called Strike
0-1: Called Strike
0-2: Ball
1-2: Strikes out looking
Top of the 1st over - 1 run, 2 hits, 1 error, 2 left on base; Ohio State University 1 - University of California 0
BOTTOM OF THE 1ST
University of California Golden Bears batting - Pitching for Ohio State University Buckeyes : RHP Rodolfo Lrio
Pitching: RHP Rodolfo Lrio
Batting: RHB Mike Trueblood 0-0: Foul Ball, location: 2F
0-1: Ball
1-1: Ball
2-1: Called Strike
2-2: SINGLE (Line Drive, 4D, EV 102.5 MPH)
Batting: LHB Carlos Gaona 0-0: Swinging Strike
0-1: Ball
1-1: Ball
2-1: Ball
3-1: Swinging Strike
3-2: Strikes out swinging
Batting: RHB Nate Mahon 0-0: Foul Ball, location: 2F
0-1: Fly out, F7 (Flyball, 7LS, EV 83.8 MPH)
Batting: RHB Steve Kirby 0-0: Ball
Mike Trueblood steals 2nd base
1-0: Called Strike
1-1: Ball
2-1: Fly out, F7 (Flyball, 78S, EV 75.0 MPH)
Bottom of the 1st over - 0 runs, 1 hit, 0 errors, 1 left on base; Ohio State University 1 - University of California 0
TOP OF THE 2ND
Ohio State University Buckeyes batting - Pitching for University of California Golden Bears : RHP Karl-Anthony Aure
Batting: RHB Bo Wu 0-0: Swinging Strike
0-1: Called Strike
0-2: Ball
1-2: Ground out U3 (Groundball, 3S, EV 78.1 MPH)
Batting: RHB Marcelo Bardelli 0-0: Called Strike
0-1: Called Strike
0-2: Ground out 6-3 (Groundball, 6, EV 103.1 MPH)
Batting: LHB Ben Callaway 0-0: Foul Ball, location: 2F
0-1: Ground out 4-3 (Groundball, 4, EV 86.2 MPH)
Top of the 2nd over - 0 runs, 0 hits, 0 errors, 0 left on base; Ohio State University 1 - University of California 0
BOTTOM OF THE 2ND
University of California Golden Bears batting - Pitching for Ohio State University Buckeyes : RHP Rodolfo Lrio
Batting: RHB Shawn Jansen 0-0: Ball
1-0: Foul Ball, location: 2F
1-1: Foul Ball, location: 2F
1-2: Ball
2-2: Foul Ball, location: 2F
2-2: Foul Ball, location: 2F
2-2: Ball
3-2: Strikes out swinging
Batting: LHB Pavla Markianov 0-0: Ball
1-0: Fly out, F8 (Flyball, 8RXD, EV 101.9 MPH)
Batting: RHB Ken Hahn 0-0: Called Strike
0-1: Ball
1-1: Single, Error in OF, E9, batter to second base (Groundball, 3D, EV 100.6 MPH)
Batting: RHB Ahmed Elezi 0-0: Ball
1-0: Swinging Strike
1-1: Swinging Strike
1-2: Ball
2-2: Strikes out swinging
Bottom of the 2nd over - 0 runs, 1 hit, 1 error, 1 left on base; Ohio State University 1 - University of California 0
TOP OF THE 3RD
Ohio State University Buckeyes batting - Pitching for University of California Golden Bears : RHP Karl-Anthony Aure
Batting: LHB Anthony Ross 0-0: Called Strike
0-1: Ball
1-1: Foul Ball, location: 2F
1-2: Ball
2-2: Ball
3-2: Foul Ball, location: 2F
3-2: Foul Ball, location: 2F
3-2: Fly out, F9 (Flyball, 9, EV 93.8 MPH)
Batting: RHB Jacob Carrano 0-0: Ground out 4-3 (Groundball, 4, EV 82.5 MPH)
Batting: LHB Tony Abascal 0-0: Swinging Strike
0-1: SINGLE (Groundball, 34D, EV 107.5 MPH)
Batting: RHB Tristan Gimple 0-0: Ball
1-0: Foul Ball, location: 2F
1-1: Fly out, F8 (Flyball, 8RD, EV 106.2 MPH)
Top of the 3rd over - 0 runs, 1 hit, 0 errors, 1 left on base; Ohio State University 1 - University of California 0
BOTTOM OF THE 3RD
University of California Golden Bears batting - Pitching for Ohio State University Buckeyes : RHP Rodolfo Lrio
Batting: RHB Juan Debayle 0-0: Foul Ball, location: 2F
0-1: Ball
1-1: Ball
2-1: Foul Ball, location: 2F
2-2: Strikes out swinging
Batting: RHB Mike Trueblood 0-0: Foul Ball, location: 2F
0-1: Ball
1-1: Ball
2-1: Called Strike
2-2: Foul Ball, location: 2F
2-2: SINGLE (Line Drive, 9S, EV 103.1 MPH)
Batting: LHB Carlos Gaona 0-0: Ball
1-0: Ball
2-0: Foul Ball, location: 2F
2-1: Swinging Strike
2-2: Ball
3-2: DOUBLE (Line Drive, 7LD, EV 105.6 MPH)
Mike Trueblood to third
Batting: RHB Nate Mahon 0-0: Fly out, F2 (Popup, 13S, EV 87.5 MPH)
Batting: RHB Steve Kirby 0-0: Ball
1-0: Foul Ball, location: 2F
1-1: Foul Ball, location: 2F
1-2: Ball
2-2: Strikes out swinging
Bottom of the 3rd over - 0 runs, 2 hits, 0 errors, 2 left on base; Ohio State University 1 - University of California 0
TOP OF THE 4TH
Ohio State University Buckeyes batting - Pitching for University of California Golden Bears : RHP Karl-Anthony Aure
Batting: LHB Zach Brandt 0-0: Fly out, F3 (Popup, 3F, EV 65.6 MPH)
Batting: RHB Masatoshi Mori 0-0: Foul Ball, location: 2F
0-1: Ball
1-1: Ground out 6-3 (Groundball, 6M, EV 90.0 MPH)
Batting: RHB Bo Wu 0-0: Ball
1-0: SINGLE (Groundball, 6MD, EV 97.5 MPH)
Batting: RHB Marcelo Bardelli 0-0: Ball
1-0: SINGLE (Line Drive, 7S, EV 94.4 MPH)
Bo Wu to second
Batting: LHB Ben Callaway 0-0: Ball
1-0: Ball
2-0: Ball
3-0: Base on Balls
Bo Wu to third
Marcelo Bardelli to second
Pinch Hitting: RHB Mike Tarantino 0-0: Called Strike
0-1: Foul Ball, location: 2F
0-2: Strikes out swinging
Top of the 4th over - 0 runs, 2 hits, 0 errors, 3 left on base; Ohio State University 1 - University of California 0
BOTTOM OF THE 4TH
University of California Golden Bears batting - Pitching for Ohio State University Buckeyes : RHP Rodolfo Lrio
Now at 3B: David Guillen
Batting: RHB Shawn Jansen 0-0: Ball
1-0: Swinging Strike
1-1: Ball
2-1: Ball
3-1: Base on Balls
Batting: LHB Pavla Markianov 0-0: Ball
Wild Pitch!
Shawn Jansen to second
1-0: Ball
2-0: Called Strike
2-1: Swinging Strike
2-2: Strikes out swinging
Batting: RHB Ken Hahn 0-0: Called Strike
0-1: Swinging Strike
0-2: Ball
1-2: Ball
2-2: Strikes out swinging
Batting: RHB Ahmed Elezi 0-0: Ball
1-0: Called Strike
1-1: Ground out 4-3 (Groundball, 4, EV 89.4 MPH)
Bottom of the 4th over - 0 runs, 0 hits, 0 errors, 1 left on base; Ohio State University 1 - University of California 0
TOP OF THE 5TH
Ohio State University Buckeyes batting - Pitching for University of California Golden Bears : RHP Karl-Anthony Aure
Batting: RHB Jacob Carrano 0-0: Ball
1-0: Ball
2-0: Ball
3-0: DOUBLE (Flyball, 89D, EV 97.5 MPH)
Batting: LHB Tony Abascal 0-0: Foul Ball, location: 2F
0-1: Swinging Strike
0-2: Foul Ball, location: 2F
0-2: Foul Ball, location: 2F
0-2: Strikes out swinging
Batting: RHB Tristan Gimple 0-0: Foul Ball, location: 2F
0-1: SINGLE (Groundball, 56D, EV 101.9 MPH)
Jacob Carrano to third
Runner from 3rd tries for Home, SAFE, throw by LF to home
Pinch Hitting: LHB Adam Simpson 0-0: Foul Ball, location: 2F
0-1: Ball
1-1: Foul Ball, location: 2F
1-2: Foul Ball, location: 2F
1-2: Ball
2-2: Ball
3-2: DOUBLE (Line Drive, 7LM, EV 103.8 MPH)
Tristan Gimple to third
Batting: RHB Masatoshi Mori 0-0: Foul Ball, location: 2F
0-1: Ball
Wild Pitch!
Tristan Gimple scores
Adam Simpson to third
1-1: Fly out, F7 (Flyball, 7D, EV 76.2 MPH)
Runner from 3rd tags up, SCORES, no throw by LF
Batting: RHB Bo Wu 0-0: Ball
1-0: Ball
2-0: Foul Ball, location: 2F
2-1: Foul Ball, location: 2F
2-2: Foul Ball, location: 2F
2-2: Strikes out swinging
Top of the 5th over - 3 runs, 3 hits, 0 errors, 0 left on base; Ohio State University 4 - University of California 0
BOTTOM OF THE 5TH
University of California Golden Bears batting - Pitching for Ohio State University Buckeyes : RHP Rodolfo Lrio
Pitching: LHP David Shady
Now at C: Josh Dinsmore
Now in CF: Adam Simpson
Batting: RHB Juan Debayle 0-0: Called Strike
0-1: Swinging Strike
0-2: Ball
1-2: Ground out 4-3 (Groundball, 4, EV 90.0 MPH)
Batting: RHB Mike Trueblood 0-0: Called Strike
0-1: Ball
1-1: Called Strike
1-2: Fly out, F7 (Flyball, 7S, EV 88.1 MPH)
Pinch Hitting: SHB Nick Jansen 0-0: Called Strike
0-1: Foul Ball, location: 2F
0-2: Ball
1-2: Ball
2-2: Foul Ball, location: 2F
2-2: Foul Ball, location: 2F
2-2: Ball
3-2: Strikes out looking
Bottom of the 5th over - 0 runs, 0 hits, 0 errors, 0 left on base; Ohio State University 4 - University of California 0
TOP OF THE 6TH
Ohio State University Buckeyes batting - Pitching for University of California Golden Bears : RHP Karl-Anthony Aure
Pitching: LHP Kimmo-Mikka Koistinen
Now in LF: Nick Jansen
Batting: RHB Marcelo Bardelli 0-0: Ground out 6-3 (Groundball, 6, EV 85.6 MPH)
Batting: RHB Josh Dinsmore 0-0: Called Strike
0-1: Ball
1-1: Fly out, F8 (Flyball, 78D, EV 91.9 MPH)
Batting: RHB David Guillen 0-0: Ball
1-0: Called Strike
1-1: Ball
2-1: Ball
3-1: Base on Balls
Batting: RHB Jacob Carrano 0-0: Ball
1-0: Ball
2-0: Called Strike
2-1: Foul Ball, location: 2F
2-2: Fly out, F9 (Flyball, 9LSF, EV 81.9 MPH)
Top of the 6th over - 0 runs, 0 hits, 0 errors, 1 left on base; Ohio State University 4 - University of California 0
BOTTOM OF THE 6TH
University of California Golden Bears batting - Pitching for Ohio State University Buckeyes : LHP David Shady
Pitching: RHP Roberto Morado
Batting: RHB Nate Mahon 0-0: Ball
1-0: Ball
2-0: Ball
3-0: Base on Balls
Pinch Hitting: RHB Ivan Rivera 0-0: Ball
1-0: Ball
2-0: Foul Ball, location: 2F
2-1: Ball
3-1: Base on Balls
Nate Mahon to second
Batting: RHB Shawn Jansen 0-0: Ball
1-0: Ball
2-0: Ball
3-0: Base on Balls
Nate Mahon to third
Ivan Rivera to second
Batting: LHB Pavla Markianov 0-0: Ball
1-0: Ball
2-0: Called Strike
2-1: Swinging Strike
2-2: Strikes out swinging
Batting: RHB Ken Hahn 0-0: Fly out, F9 (Flyball, 9S, EV 89.4 MPH)
Batting: RHB Ahmed Elezi 0-0: Foul Ball, location: 2F
0-1: Swinging Strike
0-2: Strikes out swinging
Bottom of the 6th over - 0 runs, 0 hits, 0 errors, 3 left on base; Ohio State University 4 - University of California 0
TOP OF THE 7TH
Ohio State University Buckeyes batting - Pitching for University of California Golden Bears : LHP Kimmo-Mikka Koistinen
Pitching: RHP Luis Lopez
Now in RF: Ivan Rivera
Batting: LHB Tony Abascal 0-0: Called Strike
0-1: Ball
1-1: Called Strike
1-2: Foul Ball, location: 2F
1-2: Foul Ball, location: 2F
1-2: Ball
2-2: Ball
3-2: SINGLE (Groundball, 34S, EV 66.2 MPH) (infield hit)
Batting: RHB Tristan Gimple 0-0: Ball
Wild Pitch!
Tony Abascal to second
1-0: Ball
2-0: Called Strike
2-1: Foul Ball, location: 2F
2-2: Foul Ball, location: 2F
2-2: Ball
3-2: Strikes out looking
Batting: LHB Adam Simpson 0-0: Ball
1-0: Ball
Wild Pitch!
Tony Abascal to third
2-0: Called Strike
2-1: Foul Ball, location: 2F
2-2: Ball
3-2: 2-RUN HOME RUN (Flyball, 89XD, EV 107.5 MPH), Distance : 429 ft
Batting: RHB Masatoshi Mori 0-0: Ball
1-0: Ball
2-0: Ball
3-0: Called Strike
3-1: SOLO HOME RUN (Flyball, 9D, EV 97.5 MPH), Distance : 386 ft
Pitching: LHP Adam Gavel
Batting: RHB Bo Wu 0-0: Ground out U3 (Groundball, 13, EV 91.9 MPH)
Batting: RHB Marcelo Bardelli 0-0: Ball
1-0: Called Strike
1-1: Foul Ball, location: 2F
1-2: Fly out, F7 (Flyball, 78S, EV 90.0 MPH)
Top of the 7th over - 3 runs, 3 hits, 0 errors, 0 left on base; Ohio State University 7 - University of California 0
BOTTOM OF THE 7TH
University of California Golden Bears batting - Pitching for Ohio State University Buckeyes : RHP Roberto Morado
Batting: RHB Juan Debayle 0-0: Ball
1-0: Foul Ball, location: 2F
1-1: Ball
2-1: Foul Ball, location: 2F
2-2: Ball
3-2: Foul Ball, location: 2F
3-2: Foul Ball, location: 2F
3-2: Foul Ball, location: 2F
3-2: Ground out 4-3 (Groundball, 4S, EV 62.5 MPH)
Batting: RHB Mike Trueblood 0-0: Ball
1-0: Foul Ball, location: 2F
1-1: Ground out 3-1 (Groundball, 13, EV 90.0 MPH)
Batting: SHB Nick Jansen 0-0: Foul Ball, location: 2F
0-1: Fly out, F7 (Flyball, 78D, EV 103.1 MPH)
Bottom of the 7th over - 0 runs, 0 hits, 0 errors, 0 left on base; Ohio State University 7 - University of California 0
TOP OF THE 8TH
Ohio State University Buckeyes batting - Pitching for University of California Golden Bears : LHP Adam Gavel
Pitching: RHP Howie Abrams
Batting: RHB Josh Dinsmore 0-0: Called Strike
0-1: Ground out 4-3 (Groundball, 4, EV 101.2 MPH)
Batting: RHB David Guillen 0-0: Swinging Strike
0-1: Ball
1-1: Swinging Strike
1-2: Ground out 6-3 (Groundball, 6, EV 104.4 MPH)
Batting: RHB Jacob Carrano 0-0: Ball
1-0: Called Strike
1-1: Ground out 6-3 (Groundball, 6, EV 86.2 MPH)
Top of the 8th over - 0 runs, 0 hits, 0 errors, 0 left on base; Ohio State University 7 - University of California 0
BOTTOM OF THE 8TH
University of California Golden Bears batting - Pitching for Ohio State University Buckeyes : RHP Roberto Morado
Pitching: RHP Josh Henderson
Batting: RHB Nate Mahon 0-0: Ball
1-0: Fly out, F6 (Popup, 6D, EV 68.8 MPH)
Batting: RHB Ivan Rivera 0-0: Ball
1-0: Ball
2-0: Ball
3-0: Called Strike
3-1: Base on Balls
Batting: RHB Shawn Jansen 0-0: Ball
1-0: Ball
2-0: Called Strike
2-1: Foul Ball, location: 2F
2-2: Foul Ball, location: 2F
2-2: Foul Ball, location: 2F
2-2: SINGLE (Line Drive, 9S, EV 100.6 MPH)
Ivan Rivera to second
Batting: LHB Pavla Markianov 0-0: Foul Ball, location: 2F
0-1: Swinging Strike
0-2: Strikes out swinging
Batting: RHB Ken Hahn 0-0: Foul Ball, location: 2F
0-1: Ball
1-1: SINGLE (Flyball, 4D, EV 93.1 MPH)
Ivan Rivera to third
Shawn Jansen to second
Runner from 3rd tries for Home, SAFE, throw by RF to home
Batting: RHB Ahmed Elezi 0-0: Swinging Strike
0-1: SINGLE (Flyball, 6D, EV 90.6 MPH)
Shawn Jansen to third
Ken Hahn to second
Batting: RHB Juan Debayle 0-0: Called Strike
0-1: Swinging Strike
0-2: SINGLE (Line Drive, 9S, EV 95.0 MPH)
Shawn Jansen scores
Ken Hahn to third
Ahmed Elezi to second
Batting: RHB Mike Trueblood 0-0: Ball
1-0: Ball
2-0: Fly out, F3 (Popup, 3F, EV 80.6 MPH)
Bottom of the 8th over - 2 runs, 4 hits, 0 errors, 3 left on base; Ohio State University 7 - University of California 2
TOP OF THE 9TH
Ohio State University Buckeyes batting - Pitching for University of California Golden Bears : RHP Howie Abrams
Pitching: LHP John van Asten
Batting: LHB Tony Abascal 0-0: Swinging Strike
0-1: Ball
1-1: Fly out, F2 (Popup, 2LF, EV 91.2 MPH)
Batting: RHB Tristan Gimple 0-0: Fly out, F9 (Flyball, 9LS, EV 82.5 MPH)
Batting: LHB Adam Simpson 0-0: Ball
1-0: Called Strike
1-1: Swinging Strike
1-2: Strikes out swinging
Top of the 9th over - 0 runs, 0 hits, 0 errors, 0 left on base; Ohio State University 7 - University of California 2
BOTTOM OF THE 9TH
University of California Golden Bears batting - Pitching for Ohio State University Buckeyes : RHP Josh Henderson
Pitching: RHP Leonidas Panagopoulos
Batting: SHB Nick Jansen 0-0: Foul Ball, location: 2F
0-1: Ball
1-1: Ball
2-1: Foul Ball, location: 2F
2-2: Strikes out swinging
Batting: RHB Nate Mahon 0-0: Called Strike
0-1: Ball
1-1: Swinging Strike
1-2: Ball
2-2: Foul Ball, location: 2F
2-2: Strikes out swinging
Batting: RHB Ivan Rivera 0-0: Called Strike
0-1: Ball
1-1: Called Strike
1-2: Ball
2-2: Ball
3-2: Strikes out swinging
Bottom of the 9th over - 0 runs, 0 hits, 0 errors, 0 left on base; Ohio State University 7 - University of California 2
Thursday, December 15th , 2022 - OOTP Baseball 23.9 Build 102